 Dungeon Crawl Stone Soup version 0.17.1-3-g152610e (webtiles) character file.

321 GFox the Shield-Bearer (level 6, -1/49 HPs)
             Began as a Formicid Fighter on Mar 23, 2016.
             Was a Follower of Okawaru.
             Slain by an orc (4 damage)
             ... on level 4 of the Dungeon.
             The game lasted 00:31:14 (2517 turns).

GFox the Shield-Bearer (Formicid Fighter)           Turns: 2517, Time: 00:31:14

Health: -1/49      AC:  8    Str: 27    XL:     6   Next: 76%
Magic:  4/6        EV: 13    Int:  8    God:    Okawaru [*.....]
Gold:   113        SH: 13    Dex: 10    Spells: 0 memorised, 5 levels left

rFire  . . .     SeeInvis +     a - +1 war axe
rCold  . . .     Clarity  .     b - +0 scale mail
rNeg   . . .     SustAt   +     c - +1 shield
rPois  .         Gourm    .     (helmet unavailable)
rElec  .         Spirit   .     (no cloak)
rCorr  +         Warding  .     (no gloves)
rMut   .         Stasis   +     (no boots)
MR     .....                    s - amulet of resist corrosion
Stlth  ++........               (no ring)
                                p - ring of sustain attributes

@: mighty, lethally poisoned (-1 -> -14), heroism, not resistant to hostile
enchantments, unstealthy
A: permanent stasis, dig shafts and tunnels, four strong arms, antennae 3
a: Dig, Shaft Self, Heroism, Renounce Religion


You were on level 4 of the Dungeon.
You worshipped Okawaru.
Okawaru was aware of your devotion.
You were not hungry.

You visited 1 branch of the dungeon, and saw 3 of its levels.
You also visited: Sewer.

You collected 113 gold pieces.

Inventory:

Hand Weapons
 a - a +1 war axe (weapon)
Armour
 b - a +0 scale mail (worn)
 c - a +1 shield (worn)
Jewellery
 p - a ring of sustain attributes (left hand)
 s - an amulet of resist corrosion (around neck)
Wands
 g - a wand of random effects (48)
Scrolls
 j - a scroll of enchant weapon
 r - 2 scrolls of fear
Potions
 d - 2 potions of might
Comestibles
 e - 3 bread rations
 h - 8 chunks of flesh
 k - 3 fruits
 l - 2 meat rations


   Skills:
 + Level 4.3(9.3) Fighting
 + Level 2.9(7.9) Axes
 + Level 4.8(9.8) Armour
 + Level 2.4(7.4) Dodging
 + Level 1.0(6.0) Stealth
 + Level 4.9(9.9) Shields


You had 5 spell levels left.
You didn't know any spells.

Dungeon Overview and Level Annotations

Branches:
Dungeon (4/15)
 Temple: D:4-7

Altars:
Nemelex Xobeh
Okawaru


Innate Abilities, Weirdness & Mutations

You are under a permanent stasis effect.
You can dig through walls and to a lower floor.
Your four strong arms can wield two-handed weapons with a shield.
You have a pair of large antennae on your head (SInv).


Message History

* * * LOW HITPOINT WARNING * * *
You block the orc wizard's attack. The orc hits you with a flail.
* * * LOW HITPOINT WARNING * * *
You block the orc priest's attack.
You slash the orc wizard!
You kill the orc wizard!
Okawaru accepts your kill.
You slash the orc priest!
You kill the orc priest!
Okawaru accepts your kill.
You barely miss the orc.
* * * LOW HITPOINT WARNING * * *
You feel sick. The orc hits you with a flail.
* * * LOW HITPOINT WARNING * * *
The orc closely misses you.
You gain the combat prowess of a mighty hero.
You feel slightly more hungry.
* * * LOW HITPOINT WARNING * * *
You feel sick. You block the orc's attack. The orc hits you.
You die...

. ...# # #..####### ##
# #......... ###. #
#......... ...
###........## # #..
..#<.......##.###..o
...........##.##..
...............oo#
............# #)@# ##
............# #..##...#
.....#....#.###.......#
..<.#####...........[.#
.............######...#
#.#..........# ...#
.............# .##
.............# #
.............#


You could see 2 orcs.

Vanquished Creatures
  2 orc wizards (D:4)
  An iguana (D:4)
  2 orc priests (D:4)
  2 worker ants (D:4)
  5 adders
  A shadow imp (D:4)
  An ooze (D:2)
  An adder skeleton (D:4)
  2 giant geckos
  4 orcs (D:4)
  5 giant cockroaches
  4 hobgoblins (D:1)
  11 jackals (Sewer)
  10 kobolds
  A quokka (D:2)
  2 ball pythons (Sewer)
  5 bats
  4 giant newts
  2 goblins (D:2)
  5 rats
  5 plants (Sewer)
75 creatures vanquished.

Notes
Turn   | Place    | Note
--------------------------------------------------------------
     0 | D:1      | GFox the Formicid Fighter began the quest for the Orb.
     0 | D:1      | Reached XP level 1. HP: 18/18 MP: 1/1
   187 | D:1      | Reached XP level 2. HP: 24/24 MP: 2/2
   741 | D:2      | Reached XP level 3. HP: 27/29 MP: 3/3
   805 | D:2      | Found a sparkling altar of Nemelex Xobeh.
   908 | D:2      | Reached skill level 4 in Shields
  1159 | D:2      | You fall through a shaft for 2 floors!
  1165 | D:4      | Reached XP level 4. HP: 36/36 MP: 4/4
  1174 | D:4      | Reached skill level 1 in Dodging
  1235 | D:4      | Found an iron altar of Okawaru.
  1245 | D:4      | Became a worshipper of Warmaster Okawaru
  1312 | D:4      | Found a glowing drain.
  1331 | Sewer    | Entered a sewer
  1540 | Sewer    | Reached XP level 5. HP: 31/42 MP: 5/5
  2329 | D:4      | Reached skill level 1 in Stealth
  2329 | D:4      | Reached XP level 6. HP: 37/48 MP: 6/6
  2513 | D:4      | Reached * piety under Okawaru
  2517 | D:4      | Slain by an orc

Action                   |  1- 3 |  4- 6 || total
-------------------------+-------+-------++-------
Melee: War axe           |   143 |   281 ||   424
Invok: Heroism           |       |     1 ||     1
 Abil: Dig               |       |     6 ||     6
  Use: Scroll            |     5 |     3 ||     8
       Potion            |       |     8 ||     8
  Eat: Chunk             |     1 |     4 ||     5
       Bread ration      |       |     1 ||     1
